 Dungeon Crawl Stone Soup version 0.20.1-1-g8b1a95d (webtiles) character file.

217732 bmj180 the Peltast (level 19, -8/120 HPs)
             Began as a Gargoyle Fighter on Oct 31, 2017.
             Was the Champion of Nemelex Xobeh.
             Killed from afar by a wizard (illusionary) (44 damage)
             ... with a crystal spear
             ... on level 1 of the Depths.
             The game lasted 04:41:45 (49112 turns).

bmj180 the Peltast (Gargoyle Fighter)              Turns: 49112, Time: 04:41:46

Health: -8/120     AC: 37    Str: 25    XL:     19   Next: 9%
Magic:  26/26      EV: 17    Int: 15    God:    Nemelex Xobeh [******]
Gold:   1002       SH: 16    Dex: 10    Spells: 25/27 levels left

rFire    + + .     SeeInvis +   Y - +7 mace "Nelloc" {flame, rC+ MR++}
rCold    + . .     Gourm    .   T - +1 shield {reflect}
rNeg     + . .     Faith    .   X - +3 scale mail {rF+}
rPois    ∞         Spirit   .   O - +0 helmet
rElec    +         Reflect  +   l - +2 cloak {rPois}
rCorr    .         Harm     .   h - +3 pair of gloves of Shadows and Fog {rPois rF- Int+3 SInv}
MR       +++..                  M - +1 pair of boots
Stlth    +.........             t - amulet of regeneration
Regen    0.7/turn               v - ring "Silot" {rF++ Str-2 Int+3 SInv}
MPRegen  0.2/turn               Z - +3 ring of evasion

@: about to teleport
A: big wings, negative energy resistance 1, electricity resistance, unbreathing,
petrification resistance, rot immunity, AC +13
}: 1/15 runes: barnacled
a: Fly, Triple Draw, Deal Four, Stack Five, Renounce Religion


You were on level 1 of the Depths.
You worshipped Nemelex Xobeh.
Nemelex Xobeh was exalted by your worship.
You were not hungry.

You visited 8 branches of the dungeon, and saw 31 of its levels.
You also visited: Labyrinth, Sewer and Ice Cave.

You collected 2861 gold pieces.
You spent 1859 gold pieces at shops.

Inventory:

Hand Weapons
 a - a +3 morningstar of freezing
 Y - the +7 mace "Nelloc" (weapon) {flame, rC+ MR++}
   (You bought it in a shop on level 13 of the Dungeon)

   It has been specially enchanted to burn those struck by it, causing extra
   injury to most foes and up to half again as much damage against particularly
   susceptible opponents.
   It protects you from cold.
   It affects your resistance to hostile enchantments.
Missiles
 W - 6 tomahawks of returning (quivered)
Armour
 h - the +3 pair of gloves of Shadows and Fog (worn) {rPois rF- Int+3 SInv}
   (You found it in an ice cave)

   It affects your intelligence (+3).
   It makes you vulnerable to fire.
   It protects you from poison.
   It lets you see invisible.
 l - a +2 cloak of poison resistance (worn)
 M - a +1 pair of boots (worn)
 O - a +0 helmet (worn)
 T - a +1 shield of reflection (worn)
 X - a +3 scale mail of fire resistance (worn)
Jewellery
 t - an amulet of regeneration (around neck)
 v - the ring "Silot" (left hand) {rF++ Str-2 Int+3 SInv}
   (You bought it in a shop on level 2 of the Orcish Mines)

   [ring of see invisible]

   It affects your strength (-2).
   It affects your intelligence (+3).
   It greatly protects you from fire.
   It lets you see invisible.
 Z - a +3 ring of evasion (right hand)
Wands
 b - a wand of iceblast (11/15)
 F - a wand of digging (10/24)
 I - a wand of disintegration (20/24)
Scrolls
 k - 2 scrolls of fog
 m - 3 scrolls of identify
 n - 16 scrolls of remove curse
 u - a scroll of summoning
 A - 4 scrolls of fear
 E - 6 scrolls of teleportation
Potions
 c - a potion of berserk rage
 d - 2 potions of might
 e - 3 potions of haste
 i - a potion of heal wounds
 r - a potion of curing
 x - 2 potions of cancellation
 G - 2 potions of invisibility
 V - 2 potions of agility
Miscellaneous
 g - an ornate deck of destruction {drawn: 5}
 p - a legendary deck of destruction
 q - a phial of floods
 s - a phantom mirror
 w - an ornate deck of escape
 y - an ornate deck of destruction {drawn: 5}
 z - an ornate deck of destruction
 C - a lightning rod (4/4)
 H - a legendary deck of escape {the Shaft, left: 5}
 K - a plain deck of destruction
 L - 2 sacks of spiders
 N - a legendary deck of destruction
 P - an ornate deck of destruction
 Q - an ornate deck of summoning {drawn: 5}
 S - a plain deck of escape {drawn: 9}
Comestibles
 f - 9 bread rations
 j - 2 chunks of flesh


   Skills:
 + Level 13.8 Fighting
 + Level 15.5 Maces & Flails
 + Level 11.1 Armour
 + Level 9.3 Dodging
 + Level 5.4 Stealth
 + Level 17.3 Shields
 + Level 4.7 Spellcasting
 + Level 4.4 Transmutations
 + Level 5.5 Earth Magic
 * Level 10.2 Invocations
 + Level 10.1 Evocations


You had 25 spell levels left.
You knew the following spells:

 Your Spells              Type           Power        Failure   Level  Hunger
a - Passwall              Tmut/Erth      ###.......   6%          2    ##.....


Dungeon Overview and Level Annotations

Branches:
Dungeon (15/15)            Temple (1/1) D:7            Lair (6/6) D:9
 Shoals (4/4) Lair:4        Snake (1/4) Lair:4        Slime (0/5) Lair:5
    Orc (2/2) D:11            Elf (1/3) Orc:2        Vaults (0/5) D:13
 Depths (1/5) D:15

Altars:
Ashenzari
Cheibriados
Dithmenos
Elyvilon
Fedhas
Gozag
Hepliaklqana
Kikubaaqudgha
Makhleb
Nemelex Xobeh
Okawaru
Qazlal
Ru
Sif Muna
Trog
Uskayaw
Vehumet
Xom
Yredelemnul
Zin
The Shining One
Beogh
Jiyva

Shops:
D:4 [   D:7 (   D:9 :*   D:12 =   D:13 =*(   D:15 %*}   Orc:1 :   Orc:2 (=([
Elf:1 %   Shoals:2 *   Shoals:3 }   Snake:1 *

Portals:
Hell: Depths:1

Annotations:
Shoals:1 exclusion: Roxanne, Roxanne
Shoals:4 Ilsuiw


Innate Abilities, Weirdness & Mutations

You are resistant to torment.
Your stone body is resilient. (AC +13)
You are immune to poison.
Your large and strong wings let you fly indefinitely.
You resist negative energy. (rN+)
You are resistant to electric shocks. (rElec)
You can survive without breathing.
You are immune to petrification.
You are immune to rotting.


Message History

The wizard burns!
The wizard hits you but does no damage.
The rakshasa blinks!
You bludgeon the wizard!! You burn the wizard!
The wizard is heavily wounded.
The wizard burns!
The wizard casts a spell at you. The crystal spear hits you!
* * * LOW HITPOINT WARNING * * *
The rakshasa blinks!
As you read the scroll of teleportation, it crumbles to dust.
You feel strangely unstable.
The wizard burns!
The wizard points at you and mumbles some strange words.
The crystal spear misses you. The wizard completely misses you.
The wizard burns!
The wizard points at you and mumbles some strange words.
The crystal spear misses you.
The wizard burns!
The wizard points at you and mumbles some strange words.
The crystal spear hits you!
You die...
Your body disappears without a glow.

.............p.#........
.....#.}##.....#........
.....#.....#...#....#..#
...........##Y##.p######
.............)p.pp#
.......###....###p#
.......#.###+## #.#
.......##'....+##.#
........#.#++#.#@.#
.......∩'.+ #..#
........#.+ +..#
.#......#.# #..#
.#.....##+. ##.#
.#..##.# #+ #.# .......#
#.# #..##...... .#
.####......


You could see 3 wizards.

Vanquished Creatures
  A tengu reaver (Depths:1)
  A fire giant (Depths:1)
  Donald (Shoals:1)
  The ghost of Thomus the Severer, a journeyman MiBe of Trog (Lair:6)
  2 stone giants
  2 very ugly things (D:15)
  The ghost of mortelune the Severer, a journeyman MiBe of Trog (Snake:1)
  A vampire knight (D:15)
  7 merfolk javelineers
  6 merfolk impalers
  2 fire dragons
  11 hydras
  A vault guard (D:13)
  6 naga warriors (Snake:1)
  4 merfolk avatars (Shoals:4)
  A catoblepas (Shoals:2)
  3 merfolk aquamancers
  A centaur warrior (D:14)
  An alligator snapping turtle (Shoals:3)
  A satyr (Shoals:2)
  4 two-headed ogres
  A two-headed ogre (shapeshifter) (D:15)
  3 dancing weapons
  The ghost of Fingolfin the Protected, a novice FoFi of Okawaru (D:8)
  8 anacondas (Snake:1)
  5 naga sharpshooters (Snake:1)
  An orc high priest (Orc:2)
  2 deep elf knights (Elf:1)
  2 tengu warriors
  A soul eater (Depths:1)
  4 shock serpents (Snake:1)
  3 skeletal warriors (D:13)
  A death drake (shapeshifter) (D:15)
  8 sea snakes
  A swamp dragon (Shoals:1)
  An orange crystal statue (Snake:1)
  11 harpies
  2 unseen horrors (D:15)
  2 naga ritualists (Snake:1)
  5 deep elf archers (Elf:1)
  3 orc knights
  A wolf spider zombie (D:14)
  A necromancer (IceCv)
  11 manticores
  A lindwurm (Lair:6)
  6 mana vipers
  6 orc sorcerers (Orc:2)
  14 ugly things
  4 salamanders (Snake:1)
  16 fauns
  2 merfolk sirens
  28 black mambas
  28 deep elf magi
  14 elephants
  7 water nymphs
  4 cyclopes
  An eye of devastation (shapeshifter) (D:15)
  An ice statue (IceCv)
  3 gargoyles
  2 molten gargoyles (Lair:6)
  7 naga magi (Snake:1)
  Joseph (D:7)
  3 freezing wraiths (IceCv)
  A torpor snail (Lair:6)
  11 spiny frogs
  An efreet (D:15)
  A komodo dragon (shapeshifter) (D:15)
  3 rime drakes
  2 yaktaurs (Depths:1)
  8 komodo dragons
  2 kobold demonologists
  32 merfolk
  3 tengu conjurers
  A wolf spider simulacrum (D:15)
  2 queen bees (shapeshifter)
  A hornet (D:13)
  5 trolls
  A minotaur zombie (Lab)
  2 polar bears
  7 blink frogs
  14 dream sheep
  A dream sheep (shapeshifter) (D:15)
  9 wind drakes
  15 hippogriffs
  18 slime creatures
  The ghost of sprush the Caller, an amateur BaSu (Sewer)
  6 snapping turtles
  A tarantella (Lair:3)
  A vampire (D:8)
  42 yaks
  11 water elementals
  8 basilisks
  3 fire elementals (Elf:1)
  10 wyverns
  A hungry ghost (D:11)
  A golden eye (shapeshifter) (D:15)
  9 wraiths
  3 steam dragons
  3 death yak simulacra (IceCv)
  4 wargs
  20 nagas
  A harpy simulacrum (D:15)
  10 water moccasins
  4 hell hounds (Lair:6)
  An acid dragon (D:15)
  A floating eye (shapeshifter) (Depths:1)
  15 porcupines
  26 orc warriors
  4 phantoms
  A black bear (D:12)
  3 hornet zombies
  9 ice beasts
  7 sky beasts
  A necrophage (D:11)
  13 ogres
  5 wolves
  11 centaurs
  2 boggarts (D:15)
  11 crocodiles
  6 big kobolds
  21 bullfrogs
  A wyvern zombie (D:9)
  A gnoll sergeant (D:10)
  2 scorpions
  11 wights
  5 killer bees
  2 vampire bats (Lair:3)
  10 howler monkeys
  7 electric eels
  5 crimson imps
  2 centaur zombies
  5 lava snakes (Lair:6)
  2 draconian simulacra (IceCv)
  9 hounds
  24 orc priests
  6 centaur skeletons
  3 bullfrog zombies
  A bullfrog skeleton (D:11)
  3 iguanas
  8 jellies
  29 orc wizards
  Terence (D:3)
  9 worker ants
  A polar bear simulacrum (IceCv)
  8 hell rats
  A spriggan simulacrum (IceCv)
  6 troll simulacra (IceCv)
  2 centaur simulacra
  A hound skeleton (D:4)
  8 gnolls
  12 adders
  5 naga simulacra (IceCv)
  3 ogre simulacra (IceCv)
  3 shadow imps
  4 white imps (IceCv)
  An adder zombie (D:5)
  2 adder skeletons
  5 worms
  5 dart slugs
  5 leopard geckos
  76 orcs
  A ball python (Sewer)
  12 giant cockroaches
  8 goblins
  2 hobgoblins
  7 jackals
  3 quokkas
  16 bats
  9 frilled lizards
  A jackal skeleton (D:4)
  28 kobolds
  A quokka zombie (D:5)
  7 rats
  A fungus (Lair:3)
  A plant (Lair:6)
  A withered plant (Shoals:2)
1092 creatures vanquished.

Vanquished Creatures (collateral kills)
  An iron dragon (Depths:1)
  2 deep elf sorcerers (Elf:1)
  2 merfolk impalers (Shoals:4)
  A minotaur (Lab)
  Josephine (Shoals:1)
  2 hydras
  An anaconda (Snake:1)
  2 merfolk aquamancers (Shoals:4)
  2 centaur warriors
  A death knight (D:15)
  A two-headed ogre (shapeshifter) (Depths:1)
  An orc high priest (Orc:2)
  A dancing weapon (Elf:1)
  Sonja (D:11)
  A skeletal warrior (D:13)
  A wizard (Depths:1)
  A deep troll (Shoals:1)
  2 unseen horrors
  2 deep elf archers (Elf:1)
  9 harpies
  An orc sorcerer (Orc:2)
  4 deep elf magi
  A salamander (Snake:1)
  3 manticores
  Maurice (D:11)
  9 elephants
  A centaur zombie (D:14)
  A black mamba (Lair:6)
  A naga mage (Snake:1)
  A gargoyle (D:11)
  7 freezing wraiths (IceCv)
  A tengu conjurer (D:11)
  A troll (D:10)
  A merfolk (Shoals:4)
  A polar bear (Lair:4)
  4 blink frogs
  A slime creature (D:14)
  A fire elemental (Elf:1)
  3 yaks
  Menkaure (D:6)
  A naga (Lair:4)
  3 water moccasins
  4 orc warriors
  A floating eye (shapeshifter) (D:15)
  4 ice beasts (IceCv)
  A boggart (D:15)
  A centaur (D:7)
  2 crocodiles (Lair:4)
  2 big kobolds
  A bullfrog (Lair:4)
  An earth elemental (Elf:1)
  2 killer bees (D:9)
  A scorpion (D:11)
  5 wights
  A quasit (D:12)
  A hound (D:11)
  5 orc priests
  9 orc wizards
  A troll simulacrum (IceCv)
  A hound skeleton (D:9)
  3 adders (Lair:4)
  A naga simulacrum (IceCv)
  A shadow imp (D:7)
  8 white imps (IceCv)
  6 orcs
  4 kobolds
149 creatures vanquished.

Vanquished Creatures (others)
  A merfolk javelineer (Shoals:4)
  A yaktaur captain (Depths:1)
  2 satyrs (Shoals:4)
  A vampire mage (Depths:1)
  A deep elf mage (Elf:1)
  A black mamba (Snake:1)
  A molten gargoyle (Lair:6)
  A komodo dragon (Lair:3)
  11 fungi
  11 plants
31 creatures vanquished.

Grand Total: 1272 creatures vanquished

Notes
Turn   | Place    | Note
-------+----------+-------------------------------------------
     0 | D:1      | bmj180 the Gargoyle Fighter began the quest for the Orb.
     0 | D:1      | Reached XP level 1. HP: 14/14 MP: 1/1
   212 | D:1      | Reached XP level 2. HP: 14/19 MP: 2/2
   600 | D:1      | Reached XP level 3. HP: 24/24 MP: 3/3
   883 | D:2      | Found a snail-covered altar of Cheibriados.
  1180 | D:2      | Reached XP level 4. HP: 29/29 MP: 4/4
  1622 | D:3      | Found a sparkling altar of Nemelex Xobeh.
  1645 | D:3      | Became a worshipper of Nemelex Xobeh the Trickster
  1650 | D:3      | Received a gift from Nemelex Xobeh
  1721 | D:3      | Noticed Terence
  1729 | D:3      | Killed Terence
  1729 | D:3      | Reached XP level 5. HP: 33/33 MP: 5/5
  1887 | D:3      | Found an iron altar of Okawaru.
  2425 | D:4      | Reached * piety under Nemelex Xobeh
  2708 | D:4      | Reached skill level 1 in Evocations
  2708 | D:4      | Reached XP level 6. HP: 35/38 MP: 6/6
  2740 | D:4      | Reached skill level 1 in Dodging
  2740 | D:4      | Reached skill level 4 in Shields
  3011 | D:4      | Reached skill level 5 in Maces & Flails
  3011 | D:4      | Reached XP level 7. HP: 43/43 MP: 8/8
  3114 | D:4      | Found Garobro's Armour Boutique.
  3315 | D:5      | Entered Level 5 of the Dungeon
  3354 | D:5      | Found a shadowy altar of Dithmenos.
  3925 | D:5      | Reached skill level 5 in Shields
  4027 | D:5      | Reached XP level 8. HP: 38/48 MP: 10/10
  4165 | D:5      | Received a gift from Nemelex Xobeh
  4337 | D:6      | Found a glowing drain.
  4372 | Sewer    | Entered a sewer
  4409 | Sewer    | Reached ** piety under Nemelex Xobeh
  4476 | Sewer    | Noticed sprush's ghost (amateur BaSu)
  4499 | Sewer    | Killed sprush's ghost
  4553 | Sewer    | Received a gift from Nemelex Xobeh
  5068 | D:6      | Noticed Menkaure
  5069 | D:6      | Noticed a wyvern
  5074 | D:6      | Killed Menkaure
  5256 | D:6      | Reached skill level 6 in Shields
  5406 | D:6      | Found a blossoming altar of Fedhas.
  5690 | D:7      | Reached skill level 5 in Fighting
  5912 | D:7      | Reached XP level 9. HP: 46/54 MP: 11/11
  5958 | D:7      | Received a gift from Nemelex Xobeh
  5979 | D:7      | Reached skill level 5 in Armour
  6254 | D:7      | Reached skill level 7 in Shields
  6360 | D:7      | Noticed Joseph
  6382 | D:7      | Killed Joseph
  6393 | D:7      | Found a staircase to the Ecumenical Temple.
  6403 | Temple   | Entered the Ecumenical Temple
  6488 | Temple   | Reached *** piety under Nemelex Xobeh
  6850 | D:7      | Reached skill level 5 in Evocations
  6953 | D:7      | Found Ycin's Weapon Boutique.
  6984 | D:7      | Received a gift from Nemelex Xobeh
  7158 | D:8      | Reached skill level 1 in Stealth
  7172 | D:8      | Noticed Fingolfin's ghost (novice FoFi)
  7350 | D:8      | Killed Fingolfin's ghost
  7350 | D:8      | Reached XP level 10. HP: 37/60 MP: 12/14
  7870 | D:8      | Noticed a gargoyle
  7915 | D:8      | Killed a gargoyle
  7915 | D:8      | Reached skill level 8 in Shields
  8270 | D:8      | Noticed a manticore
  8276 | D:8      | Killed a manticore
  8375 | D:9      | Received a gift from Nemelex Xobeh
  8704 | D:9      | Found Qestrebb's Book Shop.
  9401 | D:9      | Received a gift from Nemelex Xobeh
  9447 | D:9      | Found a basalt altar of Yredelemnul.
  9764 | D:9      | Reached XP level 11. HP: 39/66 MP: 15/15
 10105 | D:9      | Reached **** piety under Nemelex Xobeh
 10156 | D:9      | Found Vonyuthi's Elemental Accessories.
 10407 | D:9      | Received a gift from Nemelex Xobeh
 10567 | D:9      | Found a staircase to the Lair.
 10595 | D:9      | Reached skill level 9 in Shields
 10924 | D:10     | Entered Level 10 of the Dungeon
 10964 | D:10     | Reached skill level 10 in Maces & Flails
 11072 | D:10     | Noticed a two-headed ogre
 11076 | D:10     | Killed a two-headed ogre
 11256 | D:10     | You fall through a shaft!
 11361 | D:11     | Received a gift from Nemelex Xobeh
 11565 | D:11     | Noticed a soul eater
 12021 | D:10     | Noticed a two-headed ogre
 12058 | D:10     | Killed a two-headed ogre
 12796 | D:11     | Found a staircase to the Orcish Mines.
 12863 | D:11     | Noticed Sonja
 12866 | D:11     | Killed Sonja
 12887 | D:11     | Noticed Maurice
 12893 | D:11     | Killed Maurice
 12932 | D:11     | Reached ***** piety under Nemelex Xobeh
 12937 | D:11     | Noticed a tengu warrior
 12952 | D:11     | Killed an unseen horror
 12953 | D:11     | Killed a tengu warrior
 13087 | D:11     | Reached XP level 12. HP: 34/73 MP: 17/17
 13378 | D:11     | Received a gift from Nemelex Xobeh
 13817 | D:12     | Reached skill level 1 in Invocations
 14043 | D:12     | Reached skill level 5 in Dodging
 14444 | D:12     | Reached skill level 10 in Shields
 14541 | D:12     | Found Cyon's Jewellery Shop.
 14658 | D:12     | Received a gift from Nemelex Xobeh
 15357 | Lair:1   | Entered Level 1 of the Lair of Beasts
 15428 | Lair:1   | Noticed a five-headed hydra
 15443 | Lair:1   | Killed a five-headed hydra
 15559 | Lair:1   | Found an ancient bone altar of Kikubaaqudgha.
 15560 | Lair:1   | Received a gift from Nemelex Xobeh
 15787 | Lair:1   | Received a gift from Nemelex Xobeh
 16632 | Lair:2   | Found a labyrinth entrance.
 16642 | Lab      | Entered a labyrinth
 16715 | Lab      | Received a gift from Nemelex Xobeh
 16816 | Lab      | Noticed a minotaur
 16821 | Lab      | Killed a minotaur
 17330 | Lair:2   | Reached XP level 13. HP: 80/80 MP: 18/18
 17427 | Lair:2   | Reached skill level 5 in Invocations
 17568 | Lair:2   | Received a gift from Nemelex Xobeh
 18124 | Lair:2   | Reached ****** piety under Nemelex Xobeh
 18461 | Lair:3   | Received a gift from Nemelex Xobeh
 18579 | Lair:3   | Reached skill level 11 in Shields
 18811 | Lair:3   | Noticed Urug
 18814 | Lair:3   | Noticed Urug
 18814 | Lair:3   | Urug changed into Urug the tarantella
 18828 | Lair:3   | Killed Urug the tarantella
 19137 | D:9      | Learned a level 2 spell: Passwall
 19467 | Lair:4   | Reached skill level 10 in Fighting
 19482 | Lair:4   | Reached skill level 1 in Earth Magic
 19501 | Lair:4   | Reached skill level 1 in Transmutations
 19518 | Lair:4   | Reached skill level 1 in Spellcasting
 20298 | Lair:4   | Received a gift from Nemelex Xobeh
 20528 | Lair:4   | Gained mutation: Your large and strong wings let you fly indefinitely. [Gargoyle growth]
 20528 | Lair:4   | Reached XP level 14. HP: 82/88 MP: 17/19
 20687 | Lair:4   | Found a staircase to the Snake Pit.
 20887 | Lair:4   | Got a scorched trident
 20946 | Lair:4   | Found a staircase to the Shoals.
 21346 | D:9      | Identified the +8 trident of Tickitso {pierce, rF++ Dex+4} (You found it on level 4 of the Lair of Beasts)
 21479 | Lair:5   | Received a gift from Nemelex Xobeh
 22221 | Lair:5   | Received a gift from Nemelex Xobeh
 22248 | Lair:5   | Found a staircase to the Slime Pits.
 22248 | Lair:5   | Found a viscous altar of Jiyva.
 22378 | Lair:5   | Received a gift from Nemelex Xobeh
 23040 | Lair:6   | Entered Level 6 of the Lair of Beasts
 23135 | Lair:6   | Noticed Thomus's ghost (journeyman MiBe)
 23160 | Lair:6   | Killed Thomus's ghost
 23822 | Lair:6   | Received a gift from Nemelex Xobeh
 23876 | Lair:6   | Reached skill level 5 in Earth Magic
 24649 | Lair:6   | Found a large runed door.
 24819 | Lair:6   | Found a large runed door.
 25941 | Orc:1    | Entered Level 1 of the Orcish Mines
 25962 | Orc:1    | Reached XP level 15. HP: 93/93 MP: 22/22
 26446 | Orc:1    | Received a gift from Nemelex Xobeh
 26453 | Orc:1    | Found Jovvots's Book Shop.
 26648 | Orc:2    | Entered Level 2 of the Orcish Mines
 26675 | Orc:2    | Found a staircase to the Elven Halls.
 27020 | Orc:2    | Found a roughly hewn altar of Beogh.
 27096 | Orc:2    | Received a gift from Nemelex Xobeh
 28313 | Orc:2    | Found Peful's Weapon Boutique.
 28313 | Orc:2    | Found Deducef's Antique Weapon Shop.
 28316 | Orc:2    | Found Hoafuere's Antique Armour Boutique.
 28316 | Orc:2    | Found Usmy's Jewellery Shop.
 28358 | Orc:2    | Bought a pair of faintly glowing boots for 266 gold pieces
 28358 | Orc:2    | Bought a faintly humming shield for 266 gold pieces
 28369 | Orc:2    | Identified the -4 pair of boots of the Princeling {rF+ SInv} (You bought it in a shop on level 2 of the Orcish Mines)
 28379 | Orc:2    | Identified the +2 shield "Zemaneh" {Slay+3} (You bought it in a shop on level 2 of the Orcish Mines)
 28405 | Orc:2    | Bought the ring "Silot" {rF++ Str-2 Int+3 SInv} for 499 gold pieces
 29035 | D:13     | Found Guifal's Jewellery Shop.
 29158 | D:13     | Reached skill level 12 in Shields
 29290 | D:13     | Received a gift from Nemelex Xobeh
 29377 | D:13     | Found Zuipah's Antique Weapon Boutique.
 29385 | D:13     | Bought a runed morningstar for 161 gold pieces
 29385 | D:13     | Bought a polished mace for 184 gold pieces
 29393 | D:13     | Identified the +7 mace "Nelloc" {flame, rC+ MR++} (You bought it in a shop on level 13 of the Dungeon)
 29434 | D:13     | Found a gate to the Vaults.
 29643 | D:13     | Found Pecworeh's Assorted Antiques.
 30219 | D:14     | Found a frozen archway.
 30235 | IceCv    | Entered an ice cave
 30491 | IceCv    | Received a gift from Nemelex Xobeh
 30850 | IceCv    | Found an ancient bone altar of Kikubaaqudgha.
 31184 | IceCv    | Got a pair of translucent gloves
 31190 | IceCv    | Identified the +3 pair of gloves of Shadows and Fog {rPois rF- Int+3 SInv} (You found it in an ice cave)
 31831 | D:14     | Received a gift from Nemelex Xobeh
 32367 | D:15     | Entered Level 15 of the Dungeon
 32615 | D:15     | Reached skill level 13 in Shields
 32615 | D:15     | Reached XP level 16. HP: 24/100 MP: 5/23
 32930 | D:15     | Found a staircase to the Depths.
 33345 | D:15     | Found Tuaf's Gadget Shoppe.
 33833 | D:15     | Bought a wand of digging (10/24) for 448 gold pieces
 34006 | D:15     | Found Huicw's Food Emporium.
 34110 | D:15     | Received a gift from Nemelex Xobeh
 34158 | D:15     | Found Akoc's General Store.
 35008 | Snake:1  | Entered Level 1 of the Snake Pit
 36057 | Snake:1  | Reached skill level 14 in Shields
 36189 | Snake:1  | Got an iridescent war axe
 36589 | Snake:1  | Received a gift from Nemelex Xobeh
 36917 | Snake:1  | Noticed mortelune's ghost (journeyman MiBe)
 36973 | Snake:1  | Reached skill level 10 in Evocations
 37238 | Snake:1  | Killed mortelune's ghost
 37674 | Snake:1  | Reached XP level 17. HP: 101/108 MP: 22/24
 37963 | Snake:1  | Found Toicufeech's General Store.
 38790 | D:9      | Identified the +4 war axe "Ujuisu" {chop, MR+ Int+2 Dex-3 SInv} (You found it on level 1 of the Snake Pit)
 38984 | Elf:1    | Entered Level 1 of the Elven Halls
 39756 | Elf:1    | Received a gift from Nemelex Xobeh
 39808 | Elf:1    | Reached skill level 10 in Armour
 39827 | Elf:1    | Reached skill level 15 in Shields
 40233 | Elf:1    | Found Moxte's Food Boutique.
 40286 | Elf:1    | Reached skill level 15 in Maces & Flails
 40732 | Elf:1    | Identified the Guide on Combat Magic and the Entourage
 41092 | Shoals:1 | Entered Level 1 of the Shoals
 41150 | Shoals:1 | Received a gift from Nemelex Xobeh
 41177 | Shoals:1 | Noticed Roxanne
 41197 | Shoals:1 | Noticed Josephine
 41205 | Shoals:1 | Killed Josephine
 41428 | Shoals:1 | Noticed Donald
 41449 | Shoals:1 | Killed Donald
 41451 | Shoals:1 | Got a slimy shield {Donald}
 41637 | D:9      | Identified the +3 shield "Utunoir" {+Inv rElec Str+3 Int+4} (You took it off Donald on level 1 of the Shoals)
 41673 | D:9      | Identified a scroll of acquirement
 41675 | D:9      | Got a dazzling hat
 41686 | D:9      | Identified the +0 hat of Lirr {Int+3} (You acquired it on level 9 of the Dungeon)
 41847 | Shoals:1 | Received a gift from Nemelex Xobeh
 41916 | Shoals:1 | Reached skill level 5 in Stealth
 41973 | Shoals:1 | Got a steaming golden amulet
 42460 | D:9      | Identified the amulet "Qathro" {*Contam +Rage rElec rC+} (You found it on level 1 of the Shoals)
 42858 | Shoals:2 | Found Heziulox's Assorted Antiques.
 42867 | Shoals:2 | Bought a scroll labeled ZESALE JOESHRA for 35 gold pieces
 42895 | Shoals:2 | Received a gift from Nemelex Xobeh
 43379 | Shoals:2 | Reached XP level 18. HP: 101/114 MP: 20/25
 43622 | Shoals:3 | Received a gift from Nemelex Xobeh
 43630 | Shoals:3 | Reached skill level 16 in Shields
 44836 | Shoals:3 | Found Kumm's Gadget Shop.
 44926 | Shoals:3 | Received a gift from Nemelex Xobeh
 45600 | Shoals:4 | Entered Level 4 of the Shoals
 46593 | Shoals:4 | Received a gift from Nemelex Xobeh
 46692 | Shoals:4 | Got a barnacled rune of Zot
 46841 | Shoals:4 | Noticed Ilsuiw
 47418 | Depths:1 | Entered Level 1 of the Depths
 47422 | Depths:1 | Paralysed by a floating eye for 3 turns
 47457 | Depths:1 | Reached skill level 17 in Shields
 47824 | D:15     | Reached skill level 10 in Invocations
 48065 | Depths:1 | Noticed Nikola
 48078 | Depths:1 | Noticed Nikola
 48078 | Depths:1 | Nikola changed into Nikola the iron dragon
 48085 | Depths:1 | Killed Nikola the iron dragon
 48085 | Depths:1 | Reached XP level 19. HP: 112/120 MP: 22/26
 48555 | Depths:1 | Got a wavering brass ring
 48571 | Depths:1 | Found a gateway to Hell.
 48752 | D:9      | Identified the ring of Lailil {Ice Str+3 Dex+4} (You found it on level 1 of the Depths)
 49112 | Depths:1 | Killed from afar by a wizard (illusionary)

Skill      XL: |  1  2  3  4  5  6  7  8  9 10 11 12 13 14 15 16 17 18 |
---------------+-------------------------------------------------------+-----
Maces & Flails | 3 4 5 6 8 9 11 12 13 14 15 | 15.5
Fighting       | 4 5 6 8 9 10 11 12 13 | 13.8
Evocations     | 1 3 5 6 7 8 10 | 10.1
Armour         | 4 5 6 7 8 9 10 11 | 11.1
Dodging        | 1 2 3 4 5 6 7 8 9 |  9.3
Shields        | 4 5 6 7 8 9 10 11 13 14 15 17 | 17.3
Stealth        | 1 2 3 4 5 |  5.4
Invocations    | 4 6 8 10 | 10.2
Earth Magic    | 2 5 |  5.5
Transmutations | 2 4 |  4.4
Spellcasting   | 2 4 |  4.7

Action                   |  1- 3 |  4- 6 |  7- 9 | 10-12 | 13-15 | 16-18 | 19-21 || total
-------------------------+-------+-------+-------+-------+-------+-------+-------++-------
Melee: Flail             |   128 |   139 |   595 |   513 |       |       |       ||  1375
       Morningstar       |       |       |       |   434 |  1229 |       |       ||  1663
       Mace              |       |       |       |       |   477 |  2327 |   100 ||  2904
Invok: Triple Draw       |       |       |       |     2 |     5 |       |       ||     7
       Stack Five        |       |       |       |       |       |     1 |       ||     1
 Abil: Evoke Berserk Rag |       |     2 |     5 |     5 |     1 |       |       ||    13
       Fly               |       |       |       |       |       |     2 |       ||     2
       Stop Flying       |       |       |       |       |       |     2 |       ||     2
Evoke: Deck              |       |       |     2 |    25 |    42 |    50 |     3 ||   122
  Use: Scroll            |       |     7 |     6 |    18 |    14 |    14 |     4 ||    63
       Potion            |       |       |     6 |     3 |     9 |    11 |       ||    29
 Stab: Distracted        |       |       |       |     2 |     1 |     1 |       ||     4
       Sleeping          |       |       |       |     2 |       |       |       ||     2
       Invisible         |       |       |       |       |     2 |       |       ||     2
       Petrified         |       |       |       |       |       |    10 |       ||    10
       Petrifying        |       |       |       |       |       |     3 |       ||     3
  Eat: Chunk             |     1 |     7 |    19 |    22 |    38 |    25 |     1 ||   113
       Royal jelly       |       |       |       |     3 |     3 |     2 |       ||     8
       Fruit             |       |       |       |     5 |     1 |     2 |       ||     8
       Meat ration       |       |       |       |     2 |     1 |       |       ||     3
       Bread ration      |       |       |       |       |       |     5 |     1 ||     6
Armor: Scale mail        |    83 |    74 |   258 |       |   795 |   984 |    53 ||  2247
       Chain mail        |       |       |   110 |       |       |       |       ||   110
       Leather armour    |       |       |     5 |   151 |       |       |       ||   156
       Troll leather arm |       |       |       |   232 |    53 |       |       ||   285
Dodge: Dodged            |    46 |    40 |   191 |   395 |  1028 |  1227 |    55 ||  2982
Block: Shield            |    59 |    59 |   330 |   514 |   459 |  1948 |    74 ||  3443
       Buckler           |       |       |       |    15 |   380 |       |       ||   395
       Reflection        |       |       |       |       |       |    43 |     3 ||    46
